%YAML 1.1
%TAG !u! tag:unity3d.com,2011:
--- !u!29 &1
OcclusionCullingSettings:
  m_ObjectHideFlags: 0
  serializedVersion: 2
  m_OcclusionBakeSettings:
    smallestOccluder: 5
    smallestHole: 0.25
    backfaceThreshold: 100
  m_SceneGUID: 00000000000000000000000000000000
  m_OcclusionCullingData: {fileID: 0}
--- !u!104 &2
RenderSettings:
  m_ObjectHideFlags: 0
  serializedVersion: 8
  m_Fog: 0
  m_FogColor: {r: 0.5, g: 0.5, b: 0.5, a: 1}
  m_FogMode: 3
  m_FogDensity: 0.01
  m_LinearFogStart: 0
  m_LinearFogEnd: 300
  m_AmbientSkyColor: {r: 0.212, g: 0.227, b: 0.259, a: 1}
  m_AmbientEquatorColor: {r: 0.114, g: 0.125, b: 0.133, a: 1}
  m_AmbientGroundColor: {r: 0.047, g: 0.043, b: 0.035, a: 1}
  m_AmbientIntensity: 1
  m_AmbientMode: 0
  m_SubtractiveShadowColor: {r: 0.42, g: 0.478, b: 0.627, a: 1}
  m_SkyboxMaterial: {fileID: 10304, guid: 0000000000000000f000000000000000, type: 0}
  m_HaloStrength: 0.5
  m_FlareStrength: 1
  m_FlareFadeSpeed: 3
  m_HaloTexture: {fileID: 0}
  m_SpotCookie: {fileID: 10001, guid: 0000000000000000e000000000000000, type: 0}
  m_DefaultReflectionMode: 0
  m_DefaultReflectionResolution: 128
  m_ReflectionBounces: 1
  m_ReflectionIntensity: 1
  m_CustomReflection: {fileID: 0}
  m_Sun: {fileID: 0}
  m_IndirectSpecularColor: {r: 0, g: 0, b: 0, a: 1}
--- !u!157 &4
LightmapSettings:
  m_ObjectHideFlags: 0
  serializedVersion: 9
  m_GIWorkflowMode: 0
  m_GISettings:
    serializedVersion: 2
    m_BounceScale: 1
    m_IndirectOutputScale: 1
    m_AlbedoBoost: 1
    m_TemporalCoherenceThreshold: 1
    m_EnvironmentLightingMode: 0
    m_EnableBakedLightmaps: 1
    m_EnableRealtimeLightmaps: 1
  m_LightmapEditorSettings:
    serializedVersion: 8
    m_Resolution: 2
    m_BakeResolution: 40
    m_TextureWidth: 1024
    m_TextureHeight: 1024
    m_AO: 0
    m_AOMaxDistance: 1
    m_CompAOExponent: 0
    m_CompAOExponentDirect: 0
    m_Padding: 2
    m_LightmapParameters: {fileID: 0}
    m_LightmapsBakeMode: 1
    m_TextureCompression: 1
    m_FinalGather: 0
    m_FinalGatherFiltering: 1
    m_FinalGatherRayCount: 1024
    m_ReflectionCompression: 2
    m_MixedBakeMode: 1
    m_BakeBackend: 0
    m_PVRSampling: 1
    m_PVRDirectSampleCount: 32
    m_PVRSampleCount: 500
    m_PVRBounces: 2
    m_PVRFiltering: 0
    m_PVRFilteringMode: 1
    m_PVRCulling: 1
    m_PVRFilteringGaussRadiusDirect: 1
    m_PVRFilteringGaussRadiusIndirect: 5
    m_PVRFilteringGaussRadiusAO: 2
    m_PVRFilteringAtrousColorSigma: 1
    m_PVRFilteringAtrousNormalSigma: 1
    m_PVRFilteringAtrousPositionSigma: 1
  m_LightingDataAsset: {fileID: 0}
  m_ShadowMaskMode: 2
--- !u!196 &5
NavMeshSettings:
  serializedVersion: 2
  m_ObjectHideFlags: 0
  m_BuildSettings:
    serializedVersion: 2
    agentTypeID: 0
    agentRadius: 0.5
    agentHeight: 2
    agentSlope: 45
    agentClimb: 0.4
    ledgeDropHeight: 0
    maxJumpAcrossDistance: 0
    minRegionArea: 2
    manualCellSize: 0
    cellSize: 0.16666667
    manualTileSize: 0
    tileSize: 256
    accuratePlacement: 0
  m_NavMeshData: {fileID: 0}
--- !u!1 &53871082
GameObject:
  m_ObjectHideFlags: 0
  m_PrefabParentObject: {fileID: 142948, guid: 6b9b2415f3faeeb468f94f7439fed488, type: 2}
  m_PrefabInternal: {fileID: 399834292}
  serializedVersion: 5
  m_Component:
  - component: {fileID: 53871083}
  - component: {fileID: 53871086}
  - component: {fileID: 53871085}
  - component: {fileID: 53871084}
  m_Layer: 5
  m_Name: Panel
  m_TagString: Untagged
  m_Icon: {fileID: 0}
  m_NavMeshLayer: 0
  m_StaticEditorFlags: 0
  m_IsActive: 1
--- !u!224 &53871083
RectTransform:
  m_ObjectHideFlags: 0
  m_PrefabParentObject: {fileID: 22442948, guid: 6b9b2415f3faeeb468f94f7439fed488,
    type: 2}
  m_PrefabInternal: {fileID: 399834292}
  m_GameObject: {fileID: 53871082}
  m_LocalRotation: {x: 0, y: 0, z: 0, w: 1}
  m_LocalPosition: {x: 0, y: 0, z: 0}
  m_LocalScale: {x: 1, y: 1, z: 1}
  m_Children:
  - {fileID: 1958162367}
  - {fileID: 2131508228}
  - {fileID: 489178053}
  - {fileID: 1086776837}
  - {fileID: 911719649}
  - {fileID: 1091856969}
  - {fileID: 1346481735}
  - {fileID: 243204870}
  - {fileID: 1290238577}
  - {fileID: 311458461}
  - {fileID: 1820740801}
  - {fileID: 122204740}
  - {fileID: 1378980614}
  - {fileID: 1605647248}
  - {fileID: 699945906}
  m_Father: {fileID: 1170630562}
  m_RootOrder: 1
  m_LocalEulerAnglesHint: {x: 0, y: 0, z: 0}
  m_AnchorMin: {x: 0.5, y: 0.5}
  m_AnchorMax: {x: 0.5, y: 0.5}
  m_AnchoredPosition: {x: 0, y: 0}
  m_SizeDelta: {x: 1536, y: 2048}
  m_Pivot: {x: 0.5, y: 0.5}
--- !u!114 &53871084
MonoBehaviour:
  m_ObjectHideFlags: 0
  m_PrefabParentObject: {fileID: 11442948, guid: 6b9b2415f3faeeb468f94f7439fed488,
    type: 2}
  m_PrefabInternal: {fileID: 399834292}
  m_GameObject: {fileID: 53871082}
  m_Enabled: 1
  m_EditorHideFlags: 0
  m_Script: {fileID: -1200242548, guid: f5f67c52d1564df4a8936ccd202a3bd8, type: 3}
  m_Name: 
  m_EditorClassIdentifier: 
  m_ShowMaskGraphic: 1
--- !u!114 &53871085
MonoBehaviour:
  m_ObjectHideFlags: 0
  m_PrefabParentObject: {fileID: 11442946, guid: 6b9b2415f3faeeb468f94f7439fed488,
    type: 2}
  m_PrefabInternal: {fileID: 399834292}
  m_GameObject: {fileID: 53871082}
  m_Enabled: 1
  m_EditorHideFlags: 0
  m_Script: {fileID: -765806418, guid: f5f67c52d1564df4a8936ccd202a3bd8, type: 3}
  m_Name: 
  m_EditorClassIdentifier: 
  m_Material: {fileID: 0}
  m_Color: {r: 0.2784314, g: 0.2784314, b: 0.2784314, a: 1}
  m_RaycastTarget: 1
  m_OnCullStateChanged:
    m_PersistentCalls:
      m_Calls: []
    m_TypeName: UnityEngine.UI.MaskableGraphic+CullStateChangedEvent, UnityEngine.UI,
      Version=1.0.0.0, Culture=neutral, PublicKeyToken=null
  m_Sprite: {fileID: 21300000, guid: 7ed1238760b863f4aafde32ab3a6f28c, type: 3}
  m_Type: 1
  m_PreserveAspect: 0
  m_FillCenter: 1
  m_FillMethod: 4
  m_FillAmount: 1
  m_FillClockwise: 1
  m_FillOrigin: 0
--- !u!222 &53871086
CanvasRenderer:
  m_ObjectHideFlags: 0
  m_PrefabParentObject: {fileID: 22242948, guid: 6b9b2415f3faeeb468f94f7439fed488,
    type: 2}
  m_PrefabInternal: {fileID: 399834292}
  m_GameObject: {fileID: 53871082}
--- !u!1 &122204739
GameObject:
  m_ObjectHideFlags: 0
  m_PrefabParentObject: {fileID: 142964, guid: 6b9b2415f3faeeb468f94f7439fed488, type: 2}
  m_PrefabInternal: {fileID: 399834292}
  serializedVersion: 5
  m_Component:
  - component: {fileID: 122204740}
  - component: {fileID: 122204742}
  - component: {fileID: 122204741}
  m_Layer: 5
  m_Name: Blocks
  m_TagString: Untagged
  m_Icon: {fileID: 0}
  m_NavMeshLayer: 0
  m_StaticEditorFlags: 0
  m_IsActive: 1
--- !u!224 &122204740
RectTransform:
  m_ObjectHideFlags: 0
  m_PrefabParentObject: {fileID: 22442964, guid: 6b9b2415f3faeeb468f94f7439fed488,
    type: 2}
  m_PrefabInternal: {fileID: 399834292}
  m_GameObject: {fileID: 122204739}
  m_LocalRotation: {x: 0, y: 0, z: 0, w: 1}
  m_LocalPosition: {x: 0, y: 0, z: 0}
  m_LocalScale: {x: 1, y: 1, z: 1}
  m_Children: []
  m_Father: {fileID: 53871083}
  m_RootOrder: 11
  m_LocalEulerAnglesHint: {x: 0, y: 0, z: 0}
  m_AnchorMin: {x: 0.5, y: 0.5}
  m_AnchorMax: {x: 0.5, y: 0.5}
  m_AnchoredPosition: {x: -192.00018, y: -724}
  m_SizeDelta: {x: 384, y: 200}
  m_Pivot: {x: 0.5, y: 0.5}
--- !u!114 &122204741
MonoBehaviour:
  m_ObjectHideFlags: 0
  m_PrefabParentObject: {fileID: 11442964, guid: 6b9b2415f3faeeb468f94f7439fed488,
    type: 2}
  m_PrefabInternal: {fileID: 399834292}
  m_GameObject: {fileID: 122204739}
  m_Enabled: 1
  m_EditorHideFlags: 0
  m_Script: {fileID: -765806418, guid: f5f67c52d1564df4a8936ccd202a3bd8, type: 3}
  m_Name: 
  m_EditorClassIdentifier: 
  m_Material: {fileID: 0}
  m_Color: {r: 0.02745098, g: 0.4862745, b: 0.32941177, a: 1}
  m_RaycastTarget: 1
  m_OnCullStateChanged:
    m_PersistentCalls:
      m_Calls: []
    m_TypeName: UnityEngine.UI.MaskableGraphic+CullStateChangedEvent, UnityEngine.UI,
      Version=1.0.0.0, Culture=neutral, PublicKeyToken=null
  m_Sprite: {fileID: 21300000, guid: 7ed1238760b863f4aafde32ab3a6f28c, type: 3}
  m_Type: 1
  m_PreserveAspect: 0
  m_FillCenter: 1
  m_FillMethod: 4
  m_FillAmount: 1
  m_FillClockwise: 1
  m_FillOrigin: 0
--- !u!222 &122204742
CanvasRenderer:
  m_ObjectHideFlags: 0
  m_PrefabParentObject: {fileID: 22242964, guid: 6b9b2415f3faeeb468f94f7439fed488,
    type: 2}
  m_PrefabInternal: {fileID: 399834292}
  m_GameObject: {fileID: 122204739}
--- !u!1 &243204869
GameObject:
  m_ObjectHideFlags: 0
  m_PrefabParentObject: {fileID: 142968, guid: 6b9b2415f3faeeb468f94f7439fed488, type: 2}
  m_PrefabInternal: {fileID: 399834292}
  serializedVersion: 5
  m_Component:
  - component: {fileID: 243204870}
  - component: {fileID: 243204872}
  - component: {fileID: 243204871}
  m_Layer: 5
  m_Name: Blocks
  m_TagString: Untagged
  m_Icon: {fileID: 0}
  m_NavMeshLayer: 0
  m_StaticEditorFlags: 0
  m_IsActive: 1
--- !u!224 &243204870
RectTransform:
  m_ObjectHideFlags: 0
  m_PrefabParentObject: {fileID: 22442968, guid: 6b9b2415f3faeeb468f94f7439fed488,
    type: 2}
  m_PrefabInternal: {fileID: 399834292}
  m_GameObject: {fileID: 243204869}
  m_LocalRotation: {x: 0, y: 0, z: 0, w: 1}
  m_LocalPosition: {x: 0, y: 0, z: 0}
  m_LocalScale: {x: 1, y: 1, z: 1}
  m_Children: []
  m_Father: {fileID: 53871083}
  m_RootOrder: 7
  m_LocalEulerAnglesHint: {x: 0, y: 0, z: 0}
  m_AnchorMin: {x: 0.5, y: 0.5}
  m_AnchorMax: {x: 0.5, y: 0.5}
  m_AnchoredPosition: {x: 192, y: -324}
  m_SizeDelta: {x: 384, y: 200}
  m_Pivot: {x: 0.5, y: 0.5}
--- !u!114 &243204871
MonoBehaviour:
  m_ObjectHideFlags: 0
  m_PrefabParentObject: {fileID: 11442968, guid: 6b9b2415f3faeeb468f94f7439fed488,
    type: 2}
  m_PrefabInternal: {fileID: 399834292}
  m_GameObject: {fileID: 243204869}
  m_Enabled: 1
  m_EditorHideFlags: 0
  m_Script: {fileID: -765806418, guid: f5f67c52d1564df4a8936ccd202a3bd8, type: 3}
  m_Name: 
  m_EditorClassIdentifier: 
  m_Material: {fileID: 0}
  m_Color: {r: 0, g: 0.7372549, b: 0.37254903, a: 1}
  m_RaycastTarget: 1
  m_OnCullStateChanged:
    m_PersistentCalls:
      m_Calls: []
    m_TypeName: UnityEngine.UI.MaskableGraphic+CullStateChangedEvent, UnityEngine.UI,
      Version=1.0.0.0, Culture=neutral, PublicKeyToken=null
  m_Sprite: {fileID: 21300000, guid: 7ed1238760b863f4aafde32ab3a6f28c, type: 3}
  m_Type: 1
  m_PreserveAspect: 0
  m_FillCenter: 1
  m_FillMethod: 4
  m_FillAmount: 1
  m_FillClockwise: 1
  m_FillOrigin: 0
--- !u!222 &243204872
CanvasRenderer:
  m_ObjectHideFlags: 0
  m_PrefabParentObject: {fileID: 22242968, guid: 6b9b2415f3faeeb468f94f7439fed488,
    type: 2}
  m_PrefabInternal: {fileID: 399834292}
  m_GameObject: {fileID: 243204869}
--- !u!1 &311458460
GameObject:
  m_ObjectHideFlags: 0
  m_PrefabParentObject: {fileID: 142958, guid: 6b9b2415f3faeeb468f94f7439fed488, type: 2}
  m_PrefabInternal: {fileID: 399834292}
  serializedVersion: 5
  m_Component:
  - component: {fileID: 311458461}
  - component: {fileID: 311458463}
  - component: {fileID: 311458462}
  m_Layer: 5
  m_Name: Blocks
  m_TagString: Untagged
  m_Icon: {fileID: 0}
  m_NavMeshLayer: 0
  m_StaticEditorFlags: 0
  m_IsActive: 1
--- !u!224 &311458461
RectTransform:
  m_ObjectHideFlags: 0
  m_PrefabParentObject: {fileID: 22442958, guid: 6b9b2415f3faeeb468f94f7439fed488,
    type: 2}
  m_PrefabInternal: {fileID: 399834292}
  m_GameObject: {fileID: 311458460}
  m_LocalRotation: {x: 0, y: 0, z: 0, w: 1}
  m_LocalPosition: {x: 0, y: 0, z: 0}
  m_LocalScale: {x: 1, y: 1, z: 1}
  m_Children: []
  m_Father: {fileID: 53871083}
  m_RootOrder: 9
  m_LocalEulerAnglesHint: {x: 0, y: 0, z: 0}
  m_AnchorMin: {x: 0.5, y: 0.5}
  m_AnchorMax: {x: 0.5, y: 0.5}
  m_AnchoredPosition: {x: -576, y: -724}
  m_SizeDelta: {x: 384, y: 200}
  m_Pivot: {x: 0.5, y: 0.5}
--- !u!114 &311458462
MonoBehaviour:
  m_ObjectHideFlags: 0
  m_PrefabParentObject: {fileID: 11442958, guid: 6b9b2415f3faeeb468f94f7439fed488,
    type: 2}
  m_PrefabInternal: {fileID: 399834292}
  m_GameObject: {fileID: 311458460}
  m_Enabled: 1
  m_EditorHideFlags: 0
  m_Script: {fileID: -765806418, guid: f5f67c52d1564df4a8936ccd202a3bd8, type: 3}
  m_Name: 
  m_EditorClassIdentifier: 
  m_Material: {fileID: 0}
  m_Color: {r: 0, g: 0.6784314, b: 0.36078432, a: 1}
  m_RaycastTarget: 1
  m_OnCullStateChanged:
    m_PersistentCalls:
      m_Calls: []
    m_TypeName: UnityEngine.UI.MaskableGraphic+CullStateChangedEvent, UnityEngine.UI,
      Version=1.0.0.0, Culture=neutral, PublicKeyToken=null
  m_Sprite: {fileID: 21300000, guid: 7ed1238760b863f4aafde32ab3a6f28c, type: 3}
  m_Type: 1
  m_PreserveAspect: 0
  m_FillCenter: 1
  m_FillMethod: 4
  m_FillAmount: 1
  m_FillClockwise: 1
  m_FillOrigin: 0
--- !u!222 &311458463
CanvasRenderer:
  m_ObjectHideFlags: 0
  m_PrefabParentObject: {fileID: 22242958, guid: 6b9b2415f3faeeb468f94f7439fed488,
    type: 2}
  m_PrefabInternal: {fileID: 399834292}
  m_GameObject: {fileID: 311458460}
--- !u!1001 &399834292
Prefab:
  m_ObjectHideFlags: 0
  serializedVersion: 2
  m_Modification:
    m_TransformParent: {fileID: 0}
    m_Modifications:
    - target: {fileID: 22442934, guid: 6b9b2415f3faeeb468f94f7439fed488, type: 2}
      propertyPath: m_LocalPosition.x
      value: 0
      objectReference: {fileID: 0}
    - target: {fileID: 22442934, guid: 6b9b2415f3faeeb468f94f7439fed488, type: 2}
      propertyPath: m_LocalPosition.y
      value: 0
      objectReference: {fileID: 0}
    - target: {fileID: 22442934, guid: 6b9b2415f3faeeb468f94f7439fed488, type: 2}
      propertyPath: m_LocalPosition.z
      value: 0
      objectReference: {fileID: 0}
    - target: {fileID: 22442934, guid: 6b9b2415f3faeeb468f94f7439fed488, type: 2}
      propertyPath: m_LocalRotation.x
      value: 0
      objectReference: {fileID: 0}
    - target: {fileID: 22442934, guid: 6b9b2415f3faeeb468f94f7439fed488, type: 2}
      propertyPath: m_LocalRotation.y
      value: 0
      objectReference: {fileID: 0}
    - target: {fileID: 22442934, guid: 6b9b2415f3faeeb468f94f7439fed488, type: 2}
      propertyPath: m_LocalRotation.z
      value: 0
      objectReference: {fileID: 0}
    - target: {fileID: 22442934, guid: 6b9b2415f3faeeb468f94f7439fed488, type: 2}
      propertyPath: m_LocalRotation.w
      value: 1
      objectReference: {fileID: 0}
    - target: {fileID: 22442934, guid: 6b9b2415f3faeeb468f94f7439fed488, type: 2}
      propertyPath: m_RootOrder
      value: 0
      objectReference: {fileID: 0}
    - target: {fileID: 22442934, guid: 6b9b2415f3faeeb468f94f7439fed488, type: 2}
      propertyPath: m_AnchoredPosition.x
      value: 0
      objectReference: {fileID: 0}
    - target: {fileID: 22442934, guid: 6b9b2415f3faeeb468f94f7439fed488, type: 2}
      propertyPath: m_AnchoredPosition.y
      value: 0
      objectReference: {fileID: 0}
    - target: {fileID: 22442934, guid: 6b9b2415f3faeeb468f94f7439fed488, type: 2}
      propertyPath: m_SizeDelta.x
      value: 0
      objectReference: {fileID: 0}
    - target: {fileID: 22442934, guid: 6b9b2415f3faeeb468f94f7439fed488, type: 2}
      propertyPath: m_SizeDelta.y
      value: 0
      objectReference: {fileID: 0}
    - target: {fileID: 22442934, guid: 6b9b2415f3faeeb468f94f7439fed488, type: 2}
      propertyPath: m_AnchorMin.x
      value: 0
      objectReference: {fileID: 0}
    - target: {fileID: 22442934, guid: 6b9b2415f3faeeb468f94f7439fed488, type: 2}
      propertyPath: m_AnchorMin.y
      value: 0
      objectReference: {fileID: 0}
    - target: {fileID: 22442934, guid: 6b9b2415f3faeeb468f94f7439fed488, type: 2}
      propertyPath: m_AnchorMax.x
      value: 0
      objectReference: {fileID: 0}
    - target: {fileID: 22442934, guid: 6b9b2415f3faeeb468f94f7439fed488, type: 2}
      propertyPath: m_AnchorMax.y
      value: 0
      objectReference: {fileID: 0}
    - target: {fileID: 22442934, guid: 6b9b2415f3faeeb468f94f7439fed488, type: 2}
      propertyPath: m_Pivot.x
      value: 0
      objectReference: {fileID: 0}
    - target: {fileID: 22442934, guid: 6b9b2415f3faeeb468f94f7439fed488, type: 2}
      propertyPath: m_Pivot.y
      value: 0
      objectReference: {fileID: 0}
    m_RemovedComponents: []
  m_ParentPrefab: {fileID: 100100000, guid: 6b9b2415f3faeeb468f94f7439fed488, type: 2}
  m_RootGameObject: {fileID: 1170630558}
  m_IsPrefabParent: 0
--- !u!1 &489178052
GameObject:
  m_ObjectHideFlags: 0
  m_PrefabParentObject: {fileID: 142936, guid: 6b9b2415f3faeeb468f94f7439fed488, type: 2}
  m_PrefabInternal: {fileID: 399834292}
  serializedVersion: 5
  m_Component:
  - component: {fileID: 489178053}
  - component: {fileID: 489178055}
  - component: {fileID: 489178054}
  m_Layer: 5
  m_Name: Blocks
  m_TagString: Untagged
  m_Icon: {fileID: 0}
  m_NavMeshLayer: 0
  m_StaticEditorFlags: 0
  m_IsActive: 1
--- !u!224 &489178053
RectTransform:
  m_ObjectHideFlags: 0
  m_PrefabParentObject: {fileID: 22442936, guid: 6b9b2415f3faeeb468f94f7439fed488,
    type: 2}
  m_PrefabInternal: {fileID: 399834292}
  m_GameObject: {fileID: 489178052}
  m_LocalRotation: {x: 0, y: 0, z: 0, w: 1}
  m_LocalPosition: {x: 0, y: 0, z: 0}
  m_LocalScale: {x: 1, y: 1, z: 1}
  m_Children: []
  m_Father: {fileID: 53871083}
  m_RootOrder: 2
  m_LocalEulerAnglesHint: {x: 0, y: 0, z: 0}
  m_AnchorMin: {x: 0.5, y: 0.5}
  m_AnchorMax: {x: 0.5, y: 0.5}
  m_AnchoredPosition: {x: -191.99998, y: -924}
  m_SizeDelta: {x: 384, y: 200}
  m_Pivot: {x: 0.5, y: 0.5}
--- !u!114 &489178054
MonoBehaviour:
  m_ObjectHideFlags: 0
  m_PrefabParentObject: {fileID: 11442934, guid: 6b9b2415f3faeeb468f94f7439fed488,
    type: 2}
  m_PrefabInternal: {fileID: 399834292}
  m_GameObject: {fileID: 489178052}
  m_Enabled: 1
  m_EditorHideFlags: 0
  m_Script: {fileID: -765806418, guid: f5f67c52d1564df4a8936ccd202a3bd8, type: 3}
  m_Name: 
  m_EditorClassIdentifier: 
  m_Material: {fileID: 0}
  m_Color: {r: 0.19215687, g: 0.42745098, b: 0.32156864, a: 1}
  m_RaycastTarget: 1
  m_OnCullStateChanged:
    m_PersistentCalls:
      m_Calls: []
    m_TypeName: UnityEngine.UI.MaskableGraphic+CullStateChangedEvent, UnityEngine.UI,
      Version=1.0.0.0, Culture=neutral, PublicKeyToken=null
  m_Sprite: {fileID: 21300000, guid: 7ed1238760b863f4aafde32ab3a6f28c, type: 3}
  m_Type: 1
  m_PreserveAspect: 0
  m_FillCenter: 1
  m_FillMethod: 4
  m_FillAmount: 1
  m_FillClockwise: 1
  m_FillOrigin: 0
--- !u!222 &489178055
CanvasRenderer:
  m_ObjectHideFlags: 0
  m_PrefabParentObject: {fileID: 22242936, guid: 6b9b2415f3faeeb468f94f7439fed488,
    type: 2}
  m_PrefabInternal: {fileID: 399834292}
  m_GameObject: {fileID: 489178052}
--- !u!1 &699945905
GameObject:
  m_ObjectHideFlags: 0
  m_PrefabParentObject: {fileID: 142966, guid: 6b9b2415f3faeeb468f94f7439fed488, type: 2}
  m_PrefabInternal: {fileID: 399834292}
  serializedVersion: 5
  m_Component:
  - component: {fileID: 699945906}
  - component: {fileID: 699945908}
  - component: {fileID: 699945907}
  m_Layer: 5
  m_Name: TopInfoBar
  m_TagString: Untagged
  m_Icon: {fileID: 0}
  m_NavMeshLayer: 0
  m_StaticEditorFlags: 0
  m_IsActive: 1
--- !u!224 &699945906
RectTransform:
  m_ObjectHideFlags: 0
  m_PrefabParentObject: {fileID: 22442966, guid: 6b9b2415f3faeeb468f94f7439fed488,
    type: 2}
  m_PrefabInternal: {fileID: 399834292}
  m_GameObject: {fileID: 699945905}
  m_LocalRotation: {x: 0, y: 0, z: 0, w: 1}
  m_LocalPosition: {x: 0, y: 0, z: 0}
  m_LocalScale: {x: 1, y: 1, z: 1}
  m_Children:
  - {fileID: 1960066824}
  - {fileID: 957776840}
  m_Father: {fileID: 53871083}
  m_RootOrder: 14
  m_LocalEulerAnglesHint: {x: 0, y: 0, z: 0}
  m_AnchorMin: {x: 0.5, y: 0.5}
  m_AnchorMax: {x: 0.5, y: 0.5}
  m_AnchoredPosition: {x: 0, y: 711}
  m_SizeDelta: {x: 1054, y: 300}
  m_Pivot: {x: 0.5, y: 0.5}
--- !u!114 &699945907
MonoBehaviour:
  m_ObjectHideFlags: 0
  m_PrefabParentObject: {fileID: 11442966, guid: 6b9b2415f3faeeb468f94f7439fed488,
    type: 2}
  m_PrefabInternal: {fileID: 399834292}
  m_GameObject: {fileID: 699945905}
  m_Enabled: 1
  m_EditorHideFlags: 0
  m_Script: {fileID: 708705254, guid: f5f67c52d1564df4a8936ccd202a3bd8, type: 3}
  m_Name: 
  m_EditorClassIdentifier: 
  m_Material: {fileID: 0}
  m_Color: {r: 0.9529412, g: 0.9019608, b: 0.76862746, a: 1}
  m_RaycastTarget: 1
  m_OnCullStateChanged:
    m_PersistentCalls:
      m_Calls: []
    m_TypeName: UnityEngine.UI.MaskableGraphic+CullStateChangedEvent, UnityEngine.UI,
      Version=1.0.0.0, Culture=neutral, PublicKeyToken=null
  m_FontData:
    m_Font: {fileID: 12800000, guid: 5c425d43bb0df45ca8eb162d5154251e, type: 3}
    m_FontSize: 120
    m_FontStyle: 0
    m_BestFit: 0
    m_MinSize: 10
    m_MaxSize: 120
    m_Alignment: 4
    m_AlignByGeometry: 0
    m_RichText: 1
    m_HorizontalOverflow: 0
    m_VerticalOverflow: 0
    m_LineSpacing: 1
  m_Text: SQUARES
--- !u!222 &699945908
CanvasRenderer:
  m_ObjectHideFlags: 0
  m_PrefabParentObject: {fileID: 22242966, guid: 6b9b2415f3faeeb468f94f7439fed488,
    type: 2}
  m_PrefabInternal: {fileID: 399834292}
  m_GameObject: {fileID: 699945905}
--- !u!1 &911719648
GameObject:
  m_ObjectHideFlags: 0
  m_PrefabParentObject: {fileID: 142970, guid: 6b9b2415f3faeeb468f94f7439fed488, type: 2}
  m_PrefabInternal: {fileID: 399834292}
  serializedVersion: 5
  m_Component:
  - component: {fileID: 911719649}
  - component: {fileID: 911719651}
  - component: {fileID: 911719650}
  m_Layer: 5
  m_Name: Blocks
  m_TagString: Untagged
  m_Icon: {fileID: 0}
  m_NavMeshLayer: 0
  m_StaticEditorFlags: 0
  m_IsActive: 1
--- !u!224 &911719649
RectTransform:
  m_ObjectHideFlags: 0
  m_PrefabParentObject: {fileID: 22442970, guid: 6b9b2415f3faeeb468f94f7439fed488,
    type: 2}
  m_PrefabInternal: {fileID: 399834292}
  m_GameObject: {fileID: 911719648}
  m_LocalRotation: {x: 0, y: 0, z: 0, w: 1}
  m_LocalPosition: {x: 0, y: 0, z: 0}
  m_LocalScale: {x: 1, y: 1, z: 1}
  m_Children: []
  m_Father: {fileID: 53871083}
  m_RootOrder: 4
  m_LocalEulerAnglesHint: {x: 0, y: 0, z: 0}
  m_AnchorMin: {x: 0.5, y: 0.5}
  m_AnchorMax: {x: 0.5, y: 0.5}
  m_AnchoredPosition: {x: 575, y: -924}
  m_SizeDelta: {x: 384, y: 200}
  m_Pivot: {x: 0.5, y: 0.5}
--- !u!114 &911719650
MonoBehaviour:
  m_ObjectHideFlags: 0
  m_PrefabParentObject: {fileID: 11442970, guid: 6b9b2415f3faeeb468f94f7439fed488,
    type: 2}
  m_PrefabInternal: {fileID: 399834292}
  m_GameObject: {fileID: 911719648}
  m_Enabled: 1
  m_EditorHideFlags: 0
  m_Script: {fileID: -765806418, guid: f5f67c52d1564df4a8936ccd202a3bd8, type: 3}
  m_Name: 
  m_EditorClassIdentifier: 
  m_Material: {fileID: 0}
  m_Color: {r: 0.19215687, g: 0.42745098, b: 0.32156864, a: 1}
  m_RaycastTarget: 1
  m_OnCullStateChanged:
    m_PersistentCalls:
      m_Calls: []
    m_TypeName: UnityEngine.UI.MaskableGraphic+CullStateChangedEvent, UnityEngine.UI,
      Version=1.0.0.0, Culture=neutral, PublicKeyToken=null
  m_Sprite: {fileID: 21300000, guid: 7ed1238760b863f4aafde32ab3a6f28c, type: 3}
  m_Type: 1
  m_PreserveAspect: 0
  m_FillCenter: 1
  m_FillMethod: 4
  m_FillAmount: 1
  m_FillClockwise: 1
  m_FillOrigin: 0
--- !u!222 &911719651
CanvasRenderer:
  m_ObjectHideFlags: 0
  m_PrefabParentObject: {fileID: 22242970, guid: 6b9b2415f3faeeb468f94f7439fed488,
    type: 2}
  m_PrefabInternal: {fileID: 399834292}
  m_GameObject: {fileID: 911719648}
--- !u!1 &957776839
GameObject:
  m_ObjectHideFlags: 0
  m_PrefabParentObject: {fileID: 142942, guid: 6b9b2415f3faeeb468f94f7439fed488, type: 2}
  m_PrefabInternal: {fileID: 399834292}
  serializedVersion: 5
  m_Component:
  - component: {fileID: 957776840}
  - component: {fileID: 957776842}
  - component: {fileID: 957776841}
  m_Layer: 5
  m_Name: Text
  m_TagString: Untagged
  m_Icon: {fileID: 0}
  m_NavMeshLayer: 0
  m_StaticEditorFlags: 0
  m_IsActive: 1
--- !u!224 &957776840
RectTransform:
  m_ObjectHideFlags: 0
  m_PrefabParentObject: {fileID: 22442942, guid: 6b9b2415f3faeeb468f94f7439fed488,
    type: 2}
  m_PrefabInternal: {fileID: 399834292}
  m_GameObject: {fileID: 957776839}
  m_LocalRotation: {x: 0, y: 0, z: 0, w: 1}
  m_LocalPosition: {x: 0, y: 0, z: 0}
  m_LocalScale: {x: 1, y: 1, z: 1}
  m_Children: []
  m_Father: {fileID: 699945906}
  m_RootOrder: 1
  m_LocalEulerAnglesHint: {x: 0, y: 0, z: 0}
  m_AnchorMin: {x: 0.5, y: 0.5}
  m_AnchorMax: {x: 0.5, y: 0.5}
  m_AnchoredPosition: {x: 573, y: 220}
  m_SizeDelta: {x: 388, y: 192}
  m_Pivot: {x: 0.5, y: 0.5}
--- !u!114 &957776841
MonoBehaviour:
  m_ObjectHideFlags: 0
  m_PrefabParentObject: {fileID: 11442940, guid: 6b9b2415f3faeeb468f94f7439fed488,
    type: 2}
  m_PrefabInternal: {fileID: 399834292}
  m_GameObject: {fileID: 957776839}
  m_Enabled: 1
  m_EditorHideFlags: 0
  m_Script: {fileID: 708705254, guid: f5f67c52d1564df4a8936ccd202a3bd8, type: 3}
  m_Name: 
  m_EditorClassIdentifier: 
  m_Material: {fileID: 0}
  m_Color: {r: 0.9529412, g: 0.9019608, b: 0.76862746, a: 1}
  m_RaycastTarget: 1
  m_OnCullStateChanged:
    m_PersistentCalls:
      m_Calls: []
    m_TypeName: UnityEngine.UI.MaskableGraphic+CullStateChangedEvent, UnityEngine.UI,
      Version=1.0.0.0, Culture=neutral, PublicKeyToken=null
  m_FontData:
    m_Font: {fileID: 12800000, guid: bd1ea67ca2b5742d1a24fcbdc17c55e1, type: 3}
    m_FontSize: 50
    m_FontStyle: 0
    m_BestFit: 0
    m_MinSize: 10
    m_MaxSize: 50
    m_Alignment: 4
    m_AlignByGeometry: 0
    m_RichText: 1
    m_HorizontalOverflow: 0
    m_VerticalOverflow: 0
    m_LineSpacing: 1
  m_Text: 4580
--- !u!222 &957776842
CanvasRenderer:
  m_ObjectHideFlags: 0
  m_PrefabParentObject: {fileID: 22242942, guid: 6b9b2415f3faeeb468f94f7439fed488,
    type: 2}
  m_PrefabInternal: {fileID: 399834292}
  m_GameObject: {fileID: 957776839}
--- !u!1 &1033062636
GameObject:
  m_ObjectHideFlags: 0
  m_PrefabParentObject: {fileID: 0}
  m_PrefabInternal: {fileID: 0}
  serializedVersion: 5
  m_Component:
  - component: {fileID: 1033062637}
  m_Layer: 0
  m_Name: __REAL_PIXELS_1536x2048
  m_TagString: Untagged
  m_Icon: {fileID: 0}
  m_NavMeshLayer: 0
  m_StaticEditorFlags: 0
  m_IsActive: 1
--- !u!4 &1033062637
Transform:
  m_ObjectHideFlags: 0
  m_PrefabParentObject: {fileID: 0}
  m_PrefabInternal: {fileID: 0}
  m_GameObject: {fileID: 1033062636}
  m_LocalRotation: {x: 0, y: 0, z: 0, w: 1}
  m_LocalPosition: {x: 494.995, y: 627.74, z: 0}
  m_LocalScale: {x: 1, y: 1, z: 1}
  m_Children: []
  m_Father: {fileID: 0}
  m_RootOrder: 3
  m_LocalEulerAnglesHint: {x: 0, y: 0, z: 0}
--- !u!1 &1086776836
GameObject:
  m_ObjectHideFlags: 0
  m_PrefabParentObject: {fileID: 142960, guid: 6b9b2415f3faeeb468f94f7439fed488, type: 2}
  m_PrefabInternal: {fileID: 399834292}
  serializedVersion: 5
  m_Component:
  - component: {fileID: 1086776837}
  - component: {fileID: 1086776839}
  - component: {fileID: 1086776838}
  m_Layer: 5
  m_Name: Blocks
  m_TagString: Untagged
  m_Icon: {fileID: 0}
  m_NavMeshLayer: 0
  m_StaticEditorFlags: 0
  m_IsActive: 1
--- !u!224 &1086776837
RectTransform:
  m_ObjectHideFlags: 0
  m_PrefabParentObject: {fileID: 22442960, guid: 6b9b2415f3faeeb468f94f7439fed488,
    type: 2}
  m_PrefabInternal: {fileID: 399834292}
  m_GameObject: {fileID: 1086776836}
  m_LocalRotation: {x: 0, y: 0, z: 0, w: 1}
  m_LocalPosition: {x: 0, y: 0, z: 0}
  m_LocalScale: {x: 1, y: 1, z: 1}
  m_Children: []
  m_Father: {fileID: 53871083}
  m_RootOrder: 3
  m_LocalEulerAnglesHint: {x: 0, y: 0, z: 0}
  m_AnchorMin: {x: 0.5, y: 0.5}
  m_AnchorMax: {x: 0.5, y: 0.5}
  m_AnchoredPosition: {x: 191, y: -924}
  m_SizeDelta: {x: 384, y: 200}
  m_Pivot: {x: 0.5, y: 0.5}
--- !u!114 &1086776838
MonoBehaviour:
  m_ObjectHideFlags: 0
  m_PrefabParentObject: {fileID: 11442960, guid: 6b9b2415f3faeeb468f94f7439fed488,
    type: 2}
  m_PrefabInternal: {fileID: 399834292}
  m_GameObject: {fileID: 1086776836}
  m_Enabled: 1
  m_EditorHideFlags: 0
  m_Script: {fileID: -765806418, guid: f5f67c52d1564df4a8936ccd202a3bd8, type: 3}
  m_Name: 
  m_EditorClassIdentifier: 
  m_Material: {fileID: 0}
  m_Color: {r: 0.02745098, g: 0.4862745, b: 0.32941177, a: 1}
  m_RaycastTarget: 1
  m_OnCullStateChanged:
    m_PersistentCalls:
      m_Calls: []
    m_TypeName: UnityEngine.UI.MaskableGraphic+CullStateChangedEvent, UnityEngine.UI,
      Version=1.0.0.0, Culture=neutral, PublicKeyToken=null
  m_Sprite: {fileID: 21300000, guid: 7ed1238760b863f4aafde32ab3a6f28c, type: 3}
  m_Type: 1
  m_PreserveAspect: 0
  m_FillCenter: 1
  m_FillMethod: 4
  m_FillAmount: 1
  m_FillClockwise: 1
  m_FillOrigin: 0
--- !u!222 &1086776839
CanvasRenderer:
  m_ObjectHideFlags: 0
  m_PrefabParentObject: {fileID: 22242960, guid: 6b9b2415f3faeeb468f94f7439fed488,
    type: 2}
  m_PrefabInternal: {fileID: 399834292}
  m_GameObject: {fileID: 1086776836}
--- !u!1 &1091856968
GameObject:
  m_ObjectHideFlags: 0
  m_PrefabParentObject: {fileID: 142938, guid: 6b9b2415f3faeeb468f94f7439fed488, type: 2}
  m_PrefabInternal: {fileID: 399834292}
  serializedVersion: 5
  m_Component:
  - component: {fileID: 1091856969}
  - component: {fileID: 1091856971}
  - component: {fileID: 1091856970}
  m_Layer: 5
  m_Name: Blocks
  m_TagString: Untagged
  m_Icon: {fileID: 0}
  m_NavMeshLayer: 0
  m_StaticEditorFlags: 0
  m_IsActive: 1
--- !u!224 &1091856969
RectTransform:
  m_ObjectHideFlags: 0
  m_PrefabParentObject: {fileID: 22442938, guid: 6b9b2415f3faeeb468f94f7439fed488,
    type: 2}
  m_PrefabInternal: {fileID: 399834292}
  m_GameObject: {fileID: 1091856968}
  m_LocalRotation: {x: 0, y: 0, z: 0, w: 1}
  m_LocalPosition: {x: 0, y: 0, z: 0}
  m_LocalScale: {x: 1, y: 1, z: 1}
  m_Children: []
  m_Father: {fileID: 53871083}
  m_RootOrder: 5
  m_LocalEulerAnglesHint: {x: 0, y: 0, z: 0}
  m_AnchorMin: {x: 0.5, y: 0.5}
  m_AnchorMax: {x: 0.5, y: 0.5}
  m_AnchoredPosition: {x: 192, y: -723.9999}
  m_SizeDelta: {x: 384, y: 200}
  m_Pivot: {x: 0.5, y: 0.5}
--- !u!114 &1091856970
MonoBehaviour:
  m_ObjectHideFlags: 0
  m_PrefabParentObject: {fileID: 11442936, guid: 6b9b2415f3faeeb468f94f7439fed488,
    type: 2}
  m_PrefabInternal: {fileID: 399834292}
  m_GameObject: {fileID: 1091856968}
  m_Enabled: 1
  m_EditorHideFlags: 0
  m_Script: {fileID: -765806418, guid: f5f67c52d1564df4a8936ccd202a3bd8, type: 3}
  m_Name: 
  m_EditorClassIdentifier: 
  m_Material: {fileID: 0}
  m_Color: {r: 0, g: 0.54901963, b: 0.3372549, a: 1}
  m_RaycastTarget: 1
  m_OnCullStateChanged:
    m_PersistentCalls:
      m_Calls: []
    m_TypeName: UnityEngine.UI.MaskableGraphic+CullStateChangedEvent, UnityEngine.UI,
      Version=1.0.0.0, Culture=neutral, PublicKeyToken=null
  m_Sprite: {fileID: 21300000, guid: 7ed1238760b863f4aafde32ab3a6f28c, type: 3}
  m_Type: 1
  m_PreserveAspect: 0
  m_FillCenter: 1
  m_FillMethod: 4
  m_FillAmount: 1
  m_FillClockwise: 1
  m_FillOrigin: 0
--- !u!222 &1091856971
CanvasRenderer:
  m_ObjectHideFlags: 0
  m_PrefabParentObject: {fileID: 22242938, guid: 6b9b2415f3faeeb468f94f7439fed488,
    type: 2}
  m_PrefabInternal: {fileID: 399834292}
  m_GameObject: {fileID: 1091856968}
--- !u!1 &1118668695
GameObject:
  m_ObjectHideFlags: 0
  m_PrefabParentObject: {fileID: 142946, guid: 6b9b2415f3faeeb468f94f7439fed488, type: 2}
  m_PrefabInternal: {fileID: 399834292}
  serializedVersion: 5
  m_Component:
  - component: {fileID: 1118668696}
  - component: {fileID: 1118668698}
  - component: {fileID: 1118668697}
  m_Layer: 5
  m_Name: AppTitle
  m_TagString: Untagged
  m_Icon: {fileID: 0}
  m_NavMeshLayer: 0
  m_StaticEditorFlags: 0
  m_IsActive: 1
--- !u!224 &1118668696
RectTransform:
  m_ObjectHideFlags: 0
  m_PrefabParentObject: {fileID: 22442946, guid: 6b9b2415f3faeeb468f94f7439fed488,
    type: 2}
  m_PrefabInternal: {fileID: 399834292}
  m_GameObject: {fileID: 1118668695}
  m_LocalRotation: {x: 0, y: 0, z: 0, w: 1}
  m_LocalPosition: {x: 0, y: 0, z: 0}
  m_LocalScale: {x: 1, y: 1, z: 1}
  m_Children:
  - {fileID: 1558135852}
  m_Father: {fileID: 1170630562}
  m_RootOrder: 0
  m_LocalEulerAnglesHint: {x: 0, y: 0, z: 0}
  m_AnchorMin: {x: 0.5, y: 0.5}
  m_AnchorMax: {x: 0.5, y: 0.5}
  m_AnchoredPosition: {x: -384, y: 1147}
  m_SizeDelta: {x: 768, y: 109}
  m_Pivot: {x: 0.5, y: 0.5}
--- !u!114 &1118668697
MonoBehaviour:
  m_ObjectHideFlags: 0
  m_PrefabParentObject: {fileID: 11442944, guid: 6b9b2415f3faeeb468f94f7439fed488,
    type: 2}
  m_PrefabInternal: {fileID: 399834292}
  m_GameObject: {fileID: 1118668695}
  m_Enabled: 1
  m_EditorHideFlags: 0
  m_Script: {fileID: 708705254, guid: f5f67c52d1564df4a8936ccd202a3bd8, type: 3}
  m_Name: 
  m_EditorClassIdentifier: 
  m_Material: {fileID: 0}
  m_Color: {r: 0.85490197, g: 0.85490197, b: 0.85490197, a: 1}
  m_RaycastTarget: 1
  m_OnCullStateChanged:
    m_PersistentCalls:
      m_Calls: []
    m_TypeName: UnityEngine.UI.MaskableGraphic+CullStateChangedEvent, UnityEngine.UI,
      Version=1.0.0.0, Culture=neutral, PublicKeyToken=null
  m_FontData:
    m_Font: {fileID: 12800000, guid: 218956a5c2a6e42d6a60afccf80b002b, type: 3}
    m_FontSize: 102
    m_FontStyle: 0
    m_BestFit: 0
    m_MinSize: 10
    m_MaxSize: 102
    m_Alignment: 0
    m_AlignByGeometry: 0
    m_RichText: 1
    m_HorizontalOverflow: 0
    m_VerticalOverflow: 1
    m_LineSpacing: 1
  m_Text: GAME
--- !u!222 &1118668698
CanvasRenderer:
  m_ObjectHideFlags: 0
  m_PrefabParentObject: {fileID: 22242946, guid: 6b9b2415f3faeeb468f94f7439fed488,
    type: 2}
  m_PrefabInternal: {fileID: 399834292}
  m_GameObject: {fileID: 1118668695}
--- !u!1 &1170630558
GameObject:
  m_ObjectHideFlags: 0
  m_PrefabParentObject: {fileID: 142934, guid: 6b9b2415f3faeeb468f94f7439fed488, type: 2}
  m_PrefabInternal: {fileID: 399834292}
  serializedVersion: 5
  m_Component:
  - component: {fileID: 1170630562}
  - component: {fileID: 1170630561}
  - component: {fileID: 1170630560}
  - component: {fileID: 1170630559}
  m_Layer: 5
  m_Name: GameTablet_3
  m_TagString: Untagged
  m_Icon: {fileID: 0}
  m_NavMeshLayer: 0
  m_StaticEditorFlags: 0
  m_IsActive: 1
--- !u!114 &1170630559
MonoBehaviour:
  m_ObjectHideFlags: 0
  m_PrefabParentObject: {fileID: 11442932, guid: 6b9b2415f3faeeb468f94f7439fed488,
    type: 2}
  m_PrefabInternal: {fileID: 399834292}
  m_GameObject: {fileID: 1170630558}
  m_Enabled: 1
  m_EditorHideFlags: 0
  m_Script: {fileID: 1301386320, guid: f5f67c52d1564df4a8936ccd202a3bd8, type: 3}
  m_Name: 
  m_EditorClassIdentifier: 
  m_IgnoreReversedGraphics: 1
  m_BlockingObjects: 0
  m_BlockingMask:
    serializedVersion: 2
    m_Bits: 4294967295
--- !u!114 &1170630560
MonoBehaviour:
  m_ObjectHideFlags: 0
  m_PrefabParentObject: {fileID: 11442930, guid: 6b9b2415f3faeeb468f94f7439fed488,
    type: 2}
  m_PrefabInternal: {fileID: 399834292}
  m_GameObject: {fileID: 1170630558}
  m_Enabled: 1
  m_EditorHideFlags: 0
  m_Script: {fileID: 1980459831, guid: f5f67c52d1564df4a8936ccd202a3bd8, type: 3}
  m_Name: 
  m_EditorClassIdentifier: 
  m_UiScaleMode: 1
  m_ReferencePixelsPerUnit: 100
  m_ScaleFactor: 1
  m_ReferenceResolution: {x: 1536, y: 2048}
  m_ScreenMatchMode: 0
  m_MatchWidthOrHeight: 1
  m_PhysicalUnit: 3
  m_FallbackScreenDPI: 96
  m_DefaultSpriteDPI: 96
  m_DynamicPixelsPerUnit: 1
--- !u!223 &1170630561
Canvas:
  m_ObjectHideFlags: 0
  m_PrefabParentObject: {fileID: 22342972, guid: 6b9b2415f3faeeb468f94f7439fed488,
    type: 2}
  m_PrefabInternal: {fileID: 399834292}
  m_GameObject: {fileID: 1170630558}
  m_Enabled: 1
  serializedVersion: 3
  m_RenderMode: 0
  m_Camera: {fileID: 0}
  m_PlaneDistance: 100
  m_PixelPerfect: 1
  m_ReceivesEvents: 1
  m_OverrideSorting: 0
  m_OverridePixelPerfect: 0
  m_SortingBucketNormalizedSize: 0
  m_AdditionalShaderChannelsFlag: 25
  m_SortingLayerID: 0
  m_SortingOrder: 0
  m_TargetDisplay: 0
--- !u!224 &1170630562
RectTransform:
  m_ObjectHideFlags: 0
  m_PrefabParentObject: {fileID: 22442934, guid: 6b9b2415f3faeeb468f94f7439fed488,
    type: 2}
  m_PrefabInternal: {fileID: 399834292}
  m_GameObject: {fileID: 1170630558}
  m_LocalRotation: {x: 0, y: 0, z: 0, w: 1}
  m_LocalPosition: {x: 0, y: 0, z: 0}
  m_LocalScale: {x: 0, y: 0, z: 0}
  m_Children:
  - {fileID: 1118668696}
  - {fileID: 53871083}
  m_Father: {fileID: 0}
  m_RootOrder: 0
  m_LocalEulerAnglesHint: {x: 0, y: 0, z: 0}
  m_AnchorMin: {x: 0, y: 0}
  m_AnchorMax: {x: 0, y: 0}
  m_AnchoredPosition: {x: 0, y: 0}
  m_SizeDelta: {x: 0, y: 0}
  m_Pivot: {x: 0, y: 0}
--- !u!1 &1290238576
GameObject:
  m_ObjectHideFlags: 0
  m_PrefabParentObject: {fileID: 142940, guid: 6b9b2415f3faeeb468f94f7439fed488, type: 2}
  m_PrefabInternal: {fileID: 399834292}
  serializedVersion: 5
  m_Component:
  - component: {fileID: 1290238577}
  - component: {fileID: 1290238579}
  - component: {fileID: 1290238578}
  m_Layer: 5
  m_Name: Blocks
  m_TagString: Untagged
  m_Icon: {fileID: 0}
  m_NavMeshLayer: 0
  m_StaticEditorFlags: 0
  m_IsActive: 1
--- !u!224 &1290238577
RectTransform:
  m_ObjectHideFlags: 0
  m_PrefabParentObject: {fileID: 22442940, guid: 6b9b2415f3faeeb468f94f7439fed488,
    type: 2}
  m_PrefabInternal: {fileID: 399834292}
  m_GameObject: {fileID: 1290238576}
  m_LocalRotation: {x: 0, y: 0, z: 0, w: 1}
  m_LocalPosition: {x: 0, y: 0, z: 0}
  m_LocalScale: {x: 1, y: 1, z: 1}
  m_Children: []
  m_Father: {fileID: 53871083}
  m_RootOrder: 8
  m_LocalEulerAnglesHint: {x: 0, y: 0, z: 0}
  m_AnchorMin: {x: 0.5, y: 0.5}
  m_AnchorMax: {x: 0.5, y: 0.5}
  m_AnchoredPosition: {x: 192, y: -124}
  m_SizeDelta: {x: 384, y: 200}
  m_Pivot: {x: 0.5, y: 0.5}
--- !u!114 &1290238578
MonoBehaviour:
  m_ObjectHideFlags: 0
  m_PrefabParentObject: {fileID: 11442938, guid: 6b9b2415f3faeeb468f94f7439fed488,
    type: 2}
  m_PrefabInternal: {fileID: 399834292}
  m_GameObject: {fileID: 1290238576}
  m_Enabled: 1
  m_EditorHideFlags: 0
  m_Script: {fileID: -765806418, guid: f5f67c52d1564df4a8936ccd202a3bd8, type: 3}
  m_Name: 
  m_EditorClassIdentifier: 
  m_Material: {fileID: 0}
  m_Color: {r: 0, g: 0.8, b: 0.3764706, a: 1}
  m_RaycastTarget: 1
  m_OnCullStateChanged:
    m_PersistentCalls:
      m_Calls: []
    m_TypeName: UnityEngine.UI.MaskableGraphic+CullStateChangedEvent, UnityEngine.UI,
      Version=1.0.0.0, Culture=neutral, PublicKeyToken=null
  m_Sprite: {fileID: 21300000, guid: 7ed1238760b863f4aafde32ab3a6f28c, type: 3}
  m_Type: 1
  m_PreserveAspect: 0
  m_FillCenter: 1
  m_FillMethod: 4
  m_FillAmount: 1
  m_FillClockwise: 1
  m_FillOrigin: 0
--- !u!222 &1290238579
CanvasRenderer:
  m_ObjectHideFlags: 0
  m_PrefabParentObject: {fileID: 22242940, guid: 6b9b2415f3faeeb468f94f7439fed488,
    type: 2}
  m_PrefabInternal: {fileID: 399834292}
  m_GameObject: {fileID: 1290238576}
--- !u!1 &1346481734
GameObject:
  m_ObjectHideFlags: 0
  m_PrefabParentObject: {fileID: 142956, guid: 6b9b2415f3faeeb468f94f7439fed488, type: 2}
  m_PrefabInternal: {fileID: 399834292}
  serializedVersion: 5
  m_Component:
  - component: {fileID: 1346481735}
  - component: {fileID: 1346481737}
  - component: {fileID: 1346481736}
  m_Layer: 5
  m_Name: Blocks
  m_TagString: Untagged
  m_Icon: {fileID: 0}
  m_NavMeshLayer: 0
  m_StaticEditorFlags: 0
  m_IsActive: 1
--- !u!224 &1346481735
RectTransform:
  m_ObjectHideFlags: 0
  m_PrefabParentObject: {fileID: 22442956, guid: 6b9b2415f3faeeb468f94f7439fed488,
    type: 2}
  m_PrefabInternal: {fileID: 399834292}
  m_GameObject: {fileID: 1346481734}
  m_LocalRotation: {x: 0, y: 0, z: 0, w: 1}
  m_LocalPosition: {x: 0, y: 0, z: 0}
  m_LocalScale: {x: 1, y: 1, z: 1}
  m_Children: []
  m_Father: {fileID: 53871083}
  m_RootOrder: 6
  m_LocalEulerAnglesHint: {x: 0, y: 0, z: 0}
  m_AnchorMin: {x: 0.5, y: 0.5}
  m_AnchorMax: {x: 0.5, y: 0.5}
  m_AnchoredPosition: {x: 192, y: -524}
  m_SizeDelta: {x: 384, y: 200}
  m_Pivot: {x: 0.5, y: 0.5}
--- !u!114 &1346481736
MonoBehaviour:
  m_ObjectHideFlags: 0
  m_PrefabParentObject: {fileID: 11442956, guid: 6b9b2415f3faeeb468f94f7439fed488,
    type: 2}
  m_PrefabInternal: {fileID: 399834292}
  m_GameObject: {fileID: 1346481734}
  m_Enabled: 1
  m_EditorHideFlags: 0
  m_Script: {fileID: -765806418, guid: f5f67c52d1564df4a8936ccd202a3bd8, type: 3}
  m_Name: 
  m_EditorClassIdentifier: 
  m_Material: {fileID: 0}
  m_Color: {r: 0, g: 0.6784314, b: 0.36078432, a: 1}
  m_RaycastTarget: 1
  m_OnCullStateChanged:
    m_PersistentCalls:
      m_Calls: []
    m_TypeName: UnityEngine.UI.MaskableGraphic+CullStateChangedEvent, UnityEngine.UI,
      Version=1.0.0.0, Culture=neutral, PublicKeyToken=null
  m_Sprite: {fileID: 21300000, guid: 7ed1238760b863f4aafde32ab3a6f28c, type: 3}
  m_Type: 1
  m_PreserveAspect: 0
  m_FillCenter: 1
  m_FillMethod: 4
  m_FillAmount: 1
  m_FillClockwise: 1
  m_FillOrigin: 0
--- !u!222 &1346481737
CanvasRenderer:
  m_ObjectHideFlags: 0
  m_PrefabParentObject: {fileID: 22242956, guid: 6b9b2415f3faeeb468f94f7439fed488,
    type: 2}
  m_PrefabInternal: {fileID: 399834292}
  m_GameObject: {fileID: 1346481734}
--- !u!1 &1378980613
GameObject:
  m_ObjectHideFlags: 0
  m_PrefabParentObject: {fileID: 142962, guid: 6b9b2415f3faeeb468f94f7439fed488, type: 2}
  m_PrefabInternal: {fileID: 399834292}
  serializedVersion: 5
  m_Component:
  - component: {fileID: 1378980614}
  - component: {fileID: 1378980616}
  - component: {fileID: 1378980615}
  m_Layer: 5
  m_Name: Blocks
  m_TagString: Untagged
  m_Icon: {fileID: 0}
  m_NavMeshLayer: 0
  m_StaticEditorFlags: 0
  m_IsActive: 1
--- !u!224 &1378980614
RectTransform:
  m_ObjectHideFlags: 0
  m_PrefabParentObject: {fileID: 22442962, guid: 6b9b2415f3faeeb468f94f7439fed488,
    type: 2}
  m_PrefabInternal: {fileID: 399834292}
  m_GameObject: {fileID: 1378980613}
  m_LocalRotation: {x: 0, y: 0, z: 0, w: 1}
  m_LocalPosition: {x: 0, y: 0, z: 0}
  m_LocalScale: {x: 1, y: 1, z: 1}
  m_Children: []
  m_Father: {fileID: 53871083}
  m_RootOrder: 12
  m_LocalEulerAnglesHint: {x: 0, y: 0, z: 0}
  m_AnchorMin: {x: 0.5, y: 0.5}
  m_AnchorMax: {x: 0.5, y: 0.5}
  m_AnchoredPosition: {x: -576, y: -524}
  m_SizeDelta: {x: 384, y: 200}
  m_Pivot: {x: 0.5, y: 0.5}
--- !u!114 &1378980615
MonoBehaviour:
  m_ObjectHideFlags: 0
  m_PrefabParentObject: {fileID: 11442962, guid: 6b9b2415f3faeeb468f94f7439fed488,
    type: 2}
  m_PrefabInternal: {fileID: 399834292}
  m_GameObject: {fileID: 1378980613}
  m_Enabled: 1
  m_EditorHideFlags: 0
  m_Script: {fileID: -765806418, guid: f5f67c52d1564df4a8936ccd202a3bd8, type: 3}
  m_Name: 
  m_EditorClassIdentifier: 
  m_Material: {fileID: 0}
  m_Color: {r: 0, g: 0.7372549, b: 0.37254903, a: 1}
  m_RaycastTarget: 1
  m_OnCullStateChanged:
    m_PersistentCalls:
      m_Calls: []
    m_TypeName: UnityEngine.UI.MaskableGraphic+CullStateChangedEvent, UnityEngine.UI,
      Version=1.0.0.0, Culture=neutral, PublicKeyToken=null
  m_Sprite: {fileID: 21300000, guid: 7ed1238760b863f4aafde32ab3a6f28c, type: 3}
  m_Type: 1
  m_PreserveAspect: 0
  m_FillCenter: 1
  m_FillMethod: 4
  m_FillAmount: 1
  m_FillClockwise: 1
  m_FillOrigin: 0
--- !u!222 &1378980616
CanvasRenderer:
  m_ObjectHideFlags: 0
  m_PrefabParentObject: {fileID: 22242962, guid: 6b9b2415f3faeeb468f94f7439fed488,
    type: 2}
  m_PrefabInternal: {fileID: 399834292}
  m_GameObject: {fileID: 1378980613}
--- !u!1 &1500371475
GameObject:
  m_ObjectHideFlags: 0
  m_PrefabParentObject: {fileID: 0}
  m_PrefabInternal: {fileID: 0}
  serializedVersion: 5
  m_Component:
  - component: {fileID: 1500371479}
  - component: {fileID: 1500371478}
  - component: {fileID: 1500371477}
  - component: {fileID: 1500371476}
  m_Layer: 0
  m_Name: EventSystem
  m_TagString: Untagged
  m_Icon: {fileID: 0}
  m_NavMeshLayer: 0
  m_StaticEditorFlags: 0
  m_IsActive: 1
--- !u!114 &1500371476
MonoBehaviour:
  m_ObjectHideFlags: 0
  m_PrefabParentObject: {fileID: 0}
  m_PrefabInternal: {fileID: 0}
  m_GameObject: {fileID: 1500371475}
  m_Enabled: 1
  m_EditorHideFlags: 0
  m_Script: {fileID: 1997211142, guid: f5f67c52d1564df4a8936ccd202a3bd8, type: 3}
  m_Name: 
  m_EditorClassIdentifier: 
  m_ForceModuleActive: 0
--- !u!114 &1500371477
MonoBehaviour:
  m_ObjectHideFlags: 0
  m_PrefabParentObject: {fileID: 0}
  m_PrefabInternal: {fileID: 0}
  m_GameObject: {fileID: 1500371475}
  m_Enabled: 1
  m_EditorHideFlags: 0
  m_Script: {fileID: 1077351063, guid: f5f67c52d1564df4a8936ccd202a3bd8, type: 3}
  m_Name: 
  m_EditorClassIdentifier: 
  m_HorizontalAxis: Horizontal
  m_VerticalAxis: Vertical
  m_SubmitButton: Submit
  m_CancelButton: Cancel
  m_InputActionsPerSecond: 10
  m_RepeatDelay: 0.5
  m_ForceModuleActive: 0
--- !u!114 &1500371478
MonoBehaviour:
  m_ObjectHideFlags: 0
  m_PrefabParentObject: {fileID: 0}
  m_PrefabInternal: {fileID: 0}
  m_GameObject: {fileID: 1500371475}
  m_Enabled: 1
  m_EditorHideFlags: 0
  m_Script: {fileID: -619905303, guid: f5f67c52d1564df4a8936ccd202a3bd8, type: 3}
  m_Name: 
  m_EditorClassIdentifier: 
  m_FirstSelected: {fileID: 0}
  m_sendNavigationEvents: 1
  m_DragThreshold: 5
--- !u!4 &1500371479
Transform:
  m_ObjectHideFlags: 0
  m_PrefabParentObject: {fileID: 0}
  m_PrefabInternal: {fileID: 0}
  m_GameObject: {fileID: 1500371475}
  m_LocalRotation: {x: 0, y: 0, z: 0, w: 1}
  m_LocalPosition: {x: 0, y: 0, z: 0}
  m_LocalScale: {x: 1, y: 1, z: 1}
  m_Children: []
  m_Father: {fileID: 0}
  m_RootOrder: 1
  m_LocalEulerAnglesHint: {x: 0, y: 0, z: 0}
--- !u!1 &1511305452
GameObject:
  m_ObjectHideFlags: 0
  m_PrefabParentObject: {fileID: 0}
  m_PrefabInternal: {fileID: 0}
  serializedVersion: 5
  m_Component:
  - component: {fileID: 1511305453}
  m_Layer: 0
  m_Name: __SET_YOUR_GAMESCREEN_TO_768x1024
  m_TagString: Untagged
  m_Icon: {fileID: 0}
  m_NavMeshLayer: 0
  m_StaticEditorFlags: 0
  m_IsActive: 1
--- !u!4 &1511305453
Transform:
  m_ObjectHideFlags: 0
  m_PrefabParentObject: {fileID: 0}
  m_PrefabInternal: {fileID: 0}
  m_GameObject: {fileID: 1511305452}
  m_LocalRotation: {x: 0, y: 0, z: 0, w: 1}
  m_LocalPosition: {x: 494.995, y: 627.74, z: 0}
  m_LocalScale: {x: 1, y: 1, z: 1}
  m_Children: []
  m_Father: {fileID: 0}
  m_RootOrder: 2
  m_LocalEulerAnglesHint: {x: 0, y: 0, z: 0}
--- !u!1 &1558135851
GameObject:
  m_ObjectHideFlags: 0
  m_PrefabParentObject: {fileID: 142944, guid: 6b9b2415f3faeeb468f94f7439fed488, type: 2}
  m_PrefabInternal: {fileID: 399834292}
  serializedVersion: 5
  m_Component:
  - component: {fileID: 1558135852}
  - component: {fileID: 1558135854}
  - component: {fileID: 1558135853}
  m_Layer: 5
  m_Name: AppTitle
  m_TagString: Untagged
  m_Icon: {fileID: 0}
  m_NavMeshLayer: 0
  m_StaticEditorFlags: 0
  m_IsActive: 1
--- !u!224 &1558135852
RectTransform:
  m_ObjectHideFlags: 0
  m_PrefabParentObject: {fileID: 22442944, guid: 6b9b2415f3faeeb468f94f7439fed488,
    type: 2}
  m_PrefabInternal: {fileID: 399834292}
  m_GameObject: {fileID: 1558135851}
  m_LocalRotation: {x: 0, y: 0, z: 0, w: 1}
  m_LocalPosition: {x: 0, y: 0, z: 0}
  m_LocalScale: {x: 1, y: 1, z: 1}
  m_Children: []
  m_Father: {fileID: 1118668696}
  m_RootOrder: 0
  m_LocalEulerAnglesHint: {x: 0, y: 0, z: 0}
  m_AnchorMin: {x: 0.5, y: 0.5}
  m_AnchorMax: {x: 0.5, y: 0.5}
  m_AnchoredPosition: {x: -36.5, y: -88}
  m_SizeDelta: {x: 695, y: 67}
  m_Pivot: {x: 0.5, y: 0.5}
--- !u!114 &1558135853
MonoBehaviour:
  m_ObjectHideFlags: 0
  m_PrefabParentObject: {fileID: 11442942, guid: 6b9b2415f3faeeb468f94f7439fed488,
    type: 2}
  m_PrefabInternal: {fileID: 399834292}
  m_GameObject: {fileID: 1558135851}
  m_Enabled: 1
  m_EditorHideFlags: 0
  m_Script: {fileID: 708705254, guid: f5f67c52d1564df4a8936ccd202a3bd8, type: 3}
  m_Name: 
  m_EditorClassIdentifier: 
  m_Material: {fileID: 0}
  m_Color: {r: 0.85490197, g: 0.85490197, b: 0.85490197, a: 1}
  m_RaycastTarget: 1
  m_OnCullStateChanged:
    m_PersistentCalls:
      m_Calls: []
    m_TypeName: UnityEngine.UI.MaskableGraphic+CullStateChangedEvent, UnityEngine.UI,
      Version=1.0.0.0, Culture=neutral, PublicKeyToken=null
  m_FontData:
    m_Font: {fileID: 12800000, guid: 218956a5c2a6e42d6a60afccf80b002b, type: 3}
    m_FontSize: 40
    m_FontStyle: 0
    m_BestFit: 0
    m_MinSize: 10
    m_MaxSize: 40
    m_Alignment: 0
    m_AlignByGeometry: 0
    m_RichText: 1
    m_HorizontalOverflow: 0
    m_VerticalOverflow: 1
    m_LineSpacing: 1
  m_Text: APP SAMPLE TABLET
--- !u!222 &1558135854
CanvasRenderer:
  m_ObjectHideFlags: 0
  m_PrefabParentObject: {fileID: 22242944, guid: 6b9b2415f3faeeb468f94f7439fed488,
    type: 2}
  m_PrefabInternal: {fileID: 399834292}
  m_GameObject: {fileID: 1558135851}
--- !u!1 &1605647247
GameObject:
  m_ObjectHideFlags: 0
  m_PrefabParentObject: {fileID: 142972, guid: 6b9b2415f3faeeb468f94f7439fed488, type: 2}
  m_PrefabInternal: {fileID: 399834292}
  serializedVersion: 5
  m_Component:
  - component: {fileID: 1605647248}
  - component: {fileID: 1605647250}
  - component: {fileID: 1605647249}
  m_Layer: 5
  m_Name: Blocks
  m_TagString: Untagged
  m_Icon: {fileID: 0}
  m_NavMeshLayer: 0
  m_StaticEditorFlags: 0
  m_IsActive: 1
--- !u!224 &1605647248
RectTransform:
  m_ObjectHideFlags: 0
  m_PrefabParentObject: {fileID: 22442972, guid: 6b9b2415f3faeeb468f94f7439fed488,
    type: 2}
  m_PrefabInternal: {fileID: 399834292}
  m_GameObject: {fileID: 1605647247}
  m_LocalRotation: {x: 0, y: 0, z: 0, w: 1}
  m_LocalPosition: {x: 0, y: 0, z: 0}
  m_LocalScale: {x: 1, y: 1, z: 1}
  m_Children: []
  m_Father: {fileID: 53871083}
  m_RootOrder: 13
  m_LocalEulerAnglesHint: {x: 0, y: 0, z: 0}
  m_AnchorMin: {x: 0.5, y: 0.5}
  m_AnchorMax: {x: 0.5, y: 0.5}
  m_AnchoredPosition: {x: -193, y: -66}
  m_SizeDelta: {x: 384, y: 200}
  m_Pivot: {x: 0.5, y: 0.5}
--- !u!114 &1605647249
MonoBehaviour:
  m_ObjectHideFlags: 0
  m_PrefabParentObject: {fileID: 11442972, guid: 6b9b2415f3faeeb468f94f7439fed488,
    type: 2}
  m_PrefabInternal: {fileID: 399834292}
  m_GameObject: {fileID: 1605647247}
  m_Enabled: 1
  m_EditorHideFlags: 0
  m_Script: {fileID: -765806418, guid: f5f67c52d1564df4a8936ccd202a3bd8, type: 3}
  m_Name: 
  m_EditorClassIdentifier: 
  m_Material: {fileID: 0}
  m_Color: {r: 0, g: 0.54901963, b: 0.3372549, a: 1}
  m_RaycastTarget: 1
  m_OnCullStateChanged:
    m_PersistentCalls:
      m_Calls: []
    m_TypeName: UnityEngine.UI.MaskableGraphic+CullStateChangedEvent, UnityEngine.UI,
      Version=1.0.0.0, Culture=neutral, PublicKeyToken=null
  m_Sprite: {fileID: 21300000, guid: 7ed1238760b863f4aafde32ab3a6f28c, type: 3}
  m_Type: 1
  m_PreserveAspect: 0
  m_FillCenter: 1
  m_FillMethod: 4
  m_FillAmount: 1
  m_FillClockwise: 1
  m_FillOrigin: 0
--- !u!222 &1605647250
CanvasRenderer:
  m_ObjectHideFlags: 0
  m_PrefabParentObject: {fileID: 22242972, guid: 6b9b2415f3faeeb468f94f7439fed488,
    type: 2}
  m_PrefabInternal: {fileID: 399834292}
  m_GameObject: {fileID: 1605647247}
--- !u!1 &1820740800
GameObject:
  m_ObjectHideFlags: 0
  m_PrefabParentObject: {fileID: 142950, guid: 6b9b2415f3faeeb468f94f7439fed488, type: 2}
  m_PrefabInternal: {fileID: 399834292}
  serializedVersion: 5
  m_Component:
  - component: {fileID: 1820740801}
  - component: {fileID: 1820740803}
  - component: {fileID: 1820740802}
  m_Layer: 5
  m_Name: Blocks
  m_TagString: Untagged
  m_Icon: {fileID: 0}
  m_NavMeshLayer: 0
  m_StaticEditorFlags: 0
  m_IsActive: 1
--- !u!224 &1820740801
RectTransform:
  m_ObjectHideFlags: 0
  m_PrefabParentObject: {fileID: 22442950, guid: 6b9b2415f3faeeb468f94f7439fed488,
    type: 2}
  m_PrefabInternal: {fileID: 399834292}
  m_GameObject: {fileID: 1820740800}
  m_LocalRotation: {x: 0, y: 0, z: 0, w: 1}
  m_LocalPosition: {x: 0, y: 0, z: 0}
  m_LocalScale: {x: 1, y: 1, z: 1}
  m_Children: []
  m_Father: {fileID: 53871083}
  m_RootOrder: 10
  m_LocalEulerAnglesHint: {x: 0, y: 0, z: 0}
  m_AnchorMin: {x: 0.5, y: 0.5}
  m_AnchorMax: {x: 0.5, y: 0.5}
  m_AnchoredPosition: {x: 192, y: 76}
  m_SizeDelta: {x: 384, y: 200}
  m_Pivot: {x: 0.5, y: 0.5}
--- !u!114 &1820740802
MonoBehaviour:
  m_ObjectHideFlags: 0
  m_PrefabParentObject: {fileID: 11442950, guid: 6b9b2415f3faeeb468f94f7439fed488,
    type: 2}
  m_PrefabInternal: {fileID: 399834292}
  m_GameObject: {fileID: 1820740800}
  m_Enabled: 1
  m_EditorHideFlags: 0
  m_Script: {fileID: -765806418, guid: f5f67c52d1564df4a8936ccd202a3bd8, type: 3}
  m_Name: 
  m_EditorClassIdentifier: 
  m_Material: {fileID: 0}
  m_Color: {r: 0, g: 0.8666667, b: 0.38431373, a: 1}
  m_RaycastTarget: 1
  m_OnCullStateChanged:
    m_PersistentCalls:
      m_Calls: []
    m_TypeName: UnityEngine.UI.MaskableGraphic+CullStateChangedEvent, UnityEngine.UI,
      Version=1.0.0.0, Culture=neutral, PublicKeyToken=null
  m_Sprite: {fileID: 21300000, guid: 7ed1238760b863f4aafde32ab3a6f28c, type: 3}
  m_Type: 1
  m_PreserveAspect: 0
  m_FillCenter: 1
  m_FillMethod: 4
  m_FillAmount: 1
  m_FillClockwise: 1
  m_FillOrigin: 0
--- !u!222 &1820740803
CanvasRenderer:
  m_ObjectHideFlags: 0
  m_PrefabParentObject: {fileID: 22242950, guid: 6b9b2415f3faeeb468f94f7439fed488,
    type: 2}
  m_PrefabInternal: {fileID: 399834292}
  m_GameObject: {fileID: 1820740800}
--- !u!1 &1958162366
GameObject:
  m_ObjectHideFlags: 0
  m_PrefabParentObject: {fileID: 142932, guid: 6b9b2415f3faeeb468f94f7439fed488, type: 2}
  m_PrefabInternal: {fileID: 399834292}
  serializedVersion: 5
  m_Component:
  - component: {fileID: 1958162367}
  - component: {fileID: 1958162369}
  - component: {fileID: 1958162368}
  m_Layer: 5
  m_Name: Wave
  m_TagString: Untagged
  m_Icon: {fileID: 0}
  m_NavMeshLayer: 0
  m_StaticEditorFlags: 0
  m_IsActive: 1
--- !u!224 &1958162367
RectTransform:
  m_ObjectHideFlags: 0
  m_PrefabParentObject: {fileID: 22442932, guid: 6b9b2415f3faeeb468f94f7439fed488,
    type: 2}
  m_PrefabInternal: {fileID: 399834292}
  m_GameObject: {fileID: 1958162366}
  m_LocalRotation: {x: 0, y: 0, z: 0, w: 1}
  m_LocalPosition: {x: 0, y: 0, z: 0}
  m_LocalScale: {x: 1, y: 1, z: 1}
  m_Children: []
  m_Father: {fileID: 53871083}
  m_RootOrder: 0
  m_LocalEulerAnglesHint: {x: 0, y: 0, z: 0}
  m_AnchorMin: {x: 0.5, y: 0.5}
  m_AnchorMax: {x: 0.5, y: 0.5}
  m_AnchoredPosition: {x: -192, y: 197}
  m_SizeDelta: {x: 384, y: 1642}
  m_Pivot: {x: 0.5, y: 0.5}
--- !u!114 &1958162368
MonoBehaviour:
  m_ObjectHideFlags: 0
  m_PrefabParentObject: {fileID: 11442928, guid: 6b9b2415f3faeeb468f94f7439fed488,
    type: 2}
  m_PrefabInternal: {fileID: 399834292}
  m_GameObject: {fileID: 1958162366}
  m_Enabled: 1
  m_EditorHideFlags: 0
  m_Script: {fileID: -765806418, guid: f5f67c52d1564df4a8936ccd202a3bd8, type: 3}
  m_Name: 
  m_EditorClassIdentifier: 
  m_Material: {fileID: 0}
  m_Color: {r: 0.43382353, g: 0.43382353, b: 0.43382353, a: 0.5372549}
  m_RaycastTarget: 1
  m_OnCullStateChanged:
    m_PersistentCalls:
      m_Calls: []
    m_TypeName: UnityEngine.UI.MaskableGraphic+CullStateChangedEvent, UnityEngine.UI,
      Version=1.0.0.0, Culture=neutral, PublicKeyToken=null
  m_Sprite: {fileID: 21300000, guid: 7ed1238760b863f4aafde32ab3a6f28c, type: 3}
  m_Type: 1
  m_PreserveAspect: 0
  m_FillCenter: 1
  m_FillMethod: 4
  m_FillAmount: 1
  m_FillClockwise: 1
  m_FillOrigin: 0
--- !u!222 &1958162369
CanvasRenderer:
  m_ObjectHideFlags: 0
  m_PrefabParentObject: {fileID: 22242934, guid: 6b9b2415f3faeeb468f94f7439fed488,
    type: 2}
  m_PrefabInternal: {fileID: 399834292}
  m_GameObject: {fileID: 1958162366}
--- !u!1 &1960066823
GameObject:
  m_ObjectHideFlags: 0
  m_PrefabParentObject: {fileID: 142952, guid: 6b9b2415f3faeeb468f94f7439fed488, type: 2}
  m_PrefabInternal: {fileID: 399834292}
  serializedVersion: 5
  m_Component:
  - component: {fileID: 1960066824}
  - component: {fileID: 1960066826}
  - component: {fileID: 1960066825}
  m_Layer: 5
  m_Name: Text
  m_TagString: Untagged
  m_Icon: {fileID: 0}
  m_NavMeshLayer: 0
  m_StaticEditorFlags: 0
  m_IsActive: 1
--- !u!224 &1960066824
RectTransform:
  m_ObjectHideFlags: 0
  m_PrefabParentObject: {fileID: 22442952, guid: 6b9b2415f3faeeb468f94f7439fed488,
    type: 2}
  m_PrefabInternal: {fileID: 399834292}
  m_GameObject: {fileID: 1960066823}
  m_LocalRotation: {x: 0, y: 0, z: 0, w: 1}
  m_LocalPosition: {x: 0, y: 0, z: 0}
  m_LocalScale: {x: 1, y: 1, z: 1}
  m_Children: []
  m_Father: {fileID: 699945906}
  m_RootOrder: 0
  m_LocalEulerAnglesHint: {x: 0, y: 0, z: 0}
  m_AnchorMin: {x: 0.5, y: 0.5}
  m_AnchorMax: {x: 0.5, y: 0.5}
  m_AnchoredPosition: {x: -513, y: 220}
  m_SizeDelta: {x: 520, y: 192}
  m_Pivot: {x: 0.5, y: 0.5}
--- !u!114 &1960066825
MonoBehaviour:
  m_ObjectHideFlags: 0
  m_PrefabParentObject: {fileID: 11442952, guid: 6b9b2415f3faeeb468f94f7439fed488,
    type: 2}
  m_PrefabInternal: {fileID: 399834292}
  m_GameObject: {fileID: 1960066823}
  m_Enabled: 1
  m_EditorHideFlags: 0
  m_Script: {fileID: 708705254, guid: f5f67c52d1564df4a8936ccd202a3bd8, type: 3}
  m_Name: 
  m_EditorClassIdentifier: 
  m_Material: {fileID: 0}
  m_Color: {r: 0.9529412, g: 0.9019608, b: 0.76862746, a: 1}
  m_RaycastTarget: 1
  m_OnCullStateChanged:
    m_PersistentCalls:
      m_Calls: []
    m_TypeName: UnityEngine.UI.MaskableGraphic+CullStateChangedEvent, UnityEngine.UI,
      Version=1.0.0.0, Culture=neutral, PublicKeyToken=null
  m_FontData:
    m_Font: {fileID: 12800000, guid: bd1ea67ca2b5742d1a24fcbdc17c55e1, type: 3}
    m_FontSize: 50
    m_FontStyle: 0
    m_BestFit: 0
    m_MinSize: 10
    m_MaxSize: 50
    m_Alignment: 4
    m_AlignByGeometry: 0
    m_RichText: 1
    m_HorizontalOverflow: 0
    m_VerticalOverflow: 0
    m_LineSpacing: 1
  m_Text: Map 3
--- !u!222 &1960066826
CanvasRenderer:
  m_ObjectHideFlags: 0
  m_PrefabParentObject: {fileID: 22242952, guid: 6b9b2415f3faeeb468f94f7439fed488,
    type: 2}
  m_PrefabInternal: {fileID: 399834292}
  m_GameObject: {fileID: 1960066823}
--- !u!1 &2131508227
GameObject:
  m_ObjectHideFlags: 0
  m_PrefabParentObject: {fileID: 142954, guid: 6b9b2415f3faeeb468f94f7439fed488, type: 2}
  m_PrefabInternal: {fileID: 399834292}
  serializedVersion: 5
  m_Component:
  - component: {fileID: 2131508228}
  - component: {fileID: 2131508230}
  - component: {fileID: 2131508229}
  m_Layer: 5
  m_Name: Blocks
  m_TagString: Untagged
  m_Icon: {fileID: 0}
  m_NavMeshLayer: 0
  m_StaticEditorFlags: 0
  m_IsActive: 1
--- !u!224 &2131508228
RectTransform:
  m_ObjectHideFlags: 0
  m_PrefabParentObject: {fileID: 22442954, guid: 6b9b2415f3faeeb468f94f7439fed488,
    type: 2}
  m_PrefabInternal: {fileID: 399834292}
  m_GameObject: {fileID: 2131508227}
  m_LocalRotation: {x: 0, y: 0, z: 0, w: 1}
  m_LocalPosition: {x: 0, y: 0, z: 0}
  m_LocalScale: {x: 1, y: 1, z: 1}
  m_Children: []
  m_Father: {fileID: 53871083}
  m_RootOrder: 1
  m_LocalEulerAnglesHint: {x: 0, y: 0, z: 0}
  m_AnchorMin: {x: 0.5, y: 0.5}
  m_AnchorMax: {x: 0.5, y: 0.5}
  m_AnchoredPosition: {x: -576, y: -924}
  m_SizeDelta: {x: 384, y: 200}
  m_Pivot: {x: 0.5, y: 0.5}
--- !u!114 &2131508229
MonoBehaviour:
  m_ObjectHideFlags: 0
  m_PrefabParentObject: {fileID: 11442954, guid: 6b9b2415f3faeeb468f94f7439fed488,
    type: 2}
  m_PrefabInternal: {fileID: 399834292}
  m_GameObject: {fileID: 2131508227}
  m_Enabled: 1
  m_EditorHideFlags: 0
  m_Script: {fileID: -765806418, guid: f5f67c52d1564df4a8936ccd202a3bd8, type: 3}
  m_Name: 
  m_EditorClassIdentifier: 
  m_Material: {fileID: 0}
  m_Color: {r: 0.19215687, g: 0.42745098, b: 0.32156864, a: 1}
  m_RaycastTarget: 1
  m_OnCullStateChanged:
    m_PersistentCalls:
      m_Calls: []
    m_TypeName: UnityEngine.UI.MaskableGraphic+CullStateChangedEvent, UnityEngine.UI,
      Version=1.0.0.0, Culture=neutral, PublicKeyToken=null
  m_Sprite: {fileID: 21300000, guid: 7ed1238760b863f4aafde32ab3a6f28c, type: 3}
  m_Type: 1
  m_PreserveAspect: 0
  m_FillCenter: 1
  m_FillMethod: 4
  m_FillAmount: 1
  m_FillClockwise: 1
  m_FillOrigin: 0
--- !u!222 &2131508230
CanvasRenderer:
  m_ObjectHideFlags: 0
  m_PrefabParentObject: {fileID: 22242954, guid: 6b9b2415f3faeeb468f94f7439fed488,
    type: 2}
  m_PrefabInternal: {fileID: 399834292}
  m_GameObject: {fileID: 2131508227}
